 Dungeon Crawl Stone Soup version 0.31-a0-1074-g0b22e4e0f1 (webtiles) character file.

Game seed: 11374980528262571026

102 Jeffwins the Shooter (level 4, -2/38 HPs)
             Began as a Hill Orc Hunter on Dec 8, 2023.
             Was an Initiate of Gozag.
             Slain by a gnoll
             ... wielding a +0 halberd
              (4 damage)
             ... on level 2 of the Dungeon.
             The game lasted 00:03:27 (2048 turns).

Jeffwins the Shooter (Hill Orc Hunter)              Turns: 2048, Time: 00:03:28

Health: -2/38      AC:  4    Str: 13    XL:     4   Next: 78%
Magic:  5/5        EV: 11    Int: 11    God:    Gozag
Gold:   172        SH:  0    Dex: 14    Spells: 5/5 levels left

rFire   . . .        a - +0 shortbow
rCold   . . .        (shield currently unavailable)
rNeg    . . .        c - +0 leather armour
rPois   .            (no helmet)
rElec   .            j - +0 cloak
rCorr   .            (no gloves)
SInv    .            (no boots)
Will    .....        (no amulet)
Stlth   ++           (no ring)
HPRegen 0.26/turn    (no ring)
MPRegen 0.09/turn

%: no passive effects
@: no status effects
A: no striking features
a: Renounce Religion, Potion Petition, Call Merchant, Bribe Branch


You were on level 2 of the Dungeon.
You worshipped Gozag.
Gozag was aware of your devotion.
You visited 1 branch of the dungeon, and saw 3 of its levels.

You collected 212 gold pieces.
You paid 40 gold pieces to Gozag.


   Skills:
 + Level 3.3 Fighting
 * Level 4.4 Ranged Weapons
 - Level 1.5 Dodging
 + Level 1.7 Stealth
 + Level 1.1 Spellcasting


You had 5 spell levels left.
You didn't know any spells.
Your spell library contained the following spells:

 Spells                   Type           Power      Damage    Failure   Level
 Dazzling Flash           Conj/Hex       0%         N/A       77%         3
 Leda's Liquefaction      Hex/Erth       0%         N/A       99%         4
 Vhi's Electric Charge    Tloc/Air       0%         N/A       99%         4
 Agony                    Necr           0%         N/A       100%        5
 Silence                  Hex/Air        0%         N/A       100%        5
 Summon Mana Viper        Hex/Summ       0%         N/A       100%        5
 Dispersal                Tloc           0%         N/A       100%        6

Inventory:

Hand Weapons
 a - a +0 shortbow (weapon)
 b - a +1 dagger of venom
 m - a +2 quarterstaff of chaos
Missiles
 h - 3 poisoned darts
Armour
 c - a +0 leather armour (worn)
 j - a +0 cloak (worn)
Talismans
 i - a blade talisman
Scrolls
 d - 2 scrolls of fear {unknown}
 e - 2 scrolls of identify {unknown}
 g - a scroll of brand weapon {unknown}
Potions
 f - a potion of mutation {unknown}
 k - 2 potions of enlightenment {unknown}
 l - a potion of ambrosia {unknown}

Dungeon Overview and Level Annotations

Branches:
Dungeon (3/15)

Altars:
Gozag

Shops:
D:3

[ #.# #.# #. #.# ### ###
#.# #. #.# #.# #.# #.# #.
#.###### #.# #.# #.# ###.
#......# #.# #.# #.#
##... ######.###.## #.#
#.# ##..## #......#
#.###.###...#
#####..#####...........##
#...@...........)....
##...g.......####.###
############# #.... #####


You could see a gnoll.


Message History

* * * LOW HITPOINT WARNING * * *
The gnoll hits you with a +0 halberd!
* * * LOW HITPOINT WARNING * * *
The gnoll hits you from afar with a +0 spear.
* * * LOW HITPOINT WARNING * * *
You climb upwards.
There is a stone staircase leading down here.
Okay, then.
Okay, then.
You shoot an arrow. The arrow hits the gnoll.
The gnoll is heavily wounded.
The gnoll barely misses you. The gnoll hits you with a +0 halberd.
* * * LOW HITPOINT WARNING * * *
Unknown command.
You shoot an arrow. The arrow barely misses the gnoll.
The gnoll barely misses you.
Unknown command.
You shoot an arrow. The arrow hits the gnoll.
The gnoll is heavily wounded.
The gnoll closely misses you.
Unknown command.
You shoot an arrow. The arrow hits the gnoll.
The gnoll is heavily wounded.
The gnoll barely misses you.
Unknown command.
You shoot an arrow. The arrow hits the gnoll.
The gnoll is almost dead.
The gnoll hits you with a +0 halberd.
You die...
Your body crumbles into a pile of gold.

Skill      XL: |  1  2  3 |
---------------+----------+-----
Stealth        | 1 |  1.7
Ranged Weapons | 4 |  4.4
Fighting       | 3 |  3.3
Spellcasting   | 1 |  1.1
Dodging        | |  1.5

Action                     |  1- 3 |  4- 6 || total
---------------------------+-------+-------++-------
   Fire: Shortbow          |   114 |    27 ||   141
    Use: Scroll            |     1 |       ||     1
 Armour: Leather armour    |    30 |     9 ||    39
  Dodge: Dodged            |    29 |     9 ||    38

Levels and vault maps discovered:
D:1:      scummos_arrival_gate, layout_basic,
          chequers_ecumenical_altar_simple_redux, minmay_box_of_dots
D:2:      layout_loops_ring, basic_altar, uniq_crazy_yiuf_cottage
D:3:      layout_loops_cross, serial_shops, nicolae_shop_waterfront,
          hangedman_feature_mirror, uniq_grinder

Notes
Turn   | Place    | Note
-------+----------+-------------------------------------------
     0 | D:1      | Jeffwins the Hill Orc Hunter began the quest for the Orb.
     0 | D:1      | Reached XP level 1. HP: 18/18 MP: 1/1
    25 | D:1      | Got Ziwan's Handbook of Fey Transportation
   172 | D:1      | Reached skill level 1 in Stealth
   352 | D:1      | Reached XP level 2. HP: 25/25 MP: 2/2
   635 | D:1      | Found a faded altar of an unknown god.
  1072 | D:2      | Reached skill level 4 in Ranged Weapons
  1072 | D:2      | Reached XP level 3. HP: 30/30 MP: 3/3
  1281 | D:2      | Reached skill level 3 in Fighting
  1493 | D:2      | Found an opulent altar of Gozag.
  1501 | D:2      | Became a worshipper of Gozag Ym Sagoz the Greedy
  1686 | D:2      | Found a runed translucent door.
  1687 | D:2      | Noticed Crazy Yiuf
  1810 | D:2      | Killed Crazy Yiuf
  1811 | D:2      | Reached skill level 1 in Spellcasting
  1811 | D:2      | Reached XP level 4. HP: 38/38 MP: 5/5
  1888 | D:3      | Found Hubeycw's Armour Emporium.
  2044 | D:2      | HP: 1/38 [gnoll/+0 halberd (5)]
  2048 | D:2      | Slain by a gnoll

Vanquished Creatures
  Crazy Yiuf (D:2)
  A gnoll (D:3)
  2 adders
  A worm (D:2)
  5 dart slugs
  6 ball pythons
  4 endoplasms
  4 goblins
  A kobold (D:1)
  3 quokkas
  4 bats
  A frilled lizard (D:2)
  4 rats
37 creatures vanquished.

Table legend: (Time is in decaauts)
 A = Elapsed time spent in this place.
 B = Non-inter-level travel time spent in this place.
 C = Inter-level travel time spent in this place.
 D = Time resting spent in this place.
 E = Time spent auto-exploring this place.
 F = Levels seen in this place.
 G = Mean time per level.
                   A        B        C        D        E       F      G
               +--------+--------+--------+--------+--------+-----+--------+
         Total |   2080 |   1986 |     94 |     37 |   1629 |   3 |  693.3 |
       Dungeon |   2080 |   1986 |     94 |     37 |   1629 |   3 |  693.3 |
               +--------+--------+--------+--------+--------+-----+--------+

Top non-repeatable levels by time:
     D:1: 1011 daAuts
     D:2: 905 daAuts
     D:3: 163 daAuts

Table legend:
 A = Non-vault XP
 B = Vault XP
 C = Vault XP percentage of total XP
 D = Non-vault monster count
 E = Vault monster count
 F = Vault count percentage of total count
                 A         B        C        D         E       F
            +---------+---------+-------+---------+---------+-------
      Total |      96 |      51 |  34.7 |      31 |       6 |  16.2
            +---------+---------+-------+---------+---------+-------
        D:1 |      17 |      10 |  37.0 |      10 |       5 |  33.3
        D:2 |      45 |      41 |  47.7 |      16 |       1 |   5.9
        D:3 |      34 |       0 |   0.0 |       5 |       0 |   0.0
            +---------+---------+-------+---------+---------+-------
